 Dungeon Crawl Stone Soup version 0.31-a0-246-g8cbcc1cb85 (webtiles) character file.

Game seed: 158894416769063595

205 qw the Shooter (level 5, -2/32 HPs)
             Began as a Gargoyle Hexslinger on July 12, 2023.
             Slain by Sigmund
             ... wielding a +5 scythe of freezing
              (3 damage)
             ... on level 3 of the Dungeon.
             The game lasted 00:01:07 (2211 turns).

qw the Shooter (Gargoyle Hexslinger)                Turns: 2211, Time: 00:01:08

Health: -2/32      AC: 14    Str: 11    XL:     5   Next: 83%
Magic:  6/6        EV: 10    Int: 14    God:
Gold:   211        SH:  0    Dex: 14    Spells: 5/6 levels left

rFire   . . .        Y - +2 sling (drain)
rCold   . . .        (no shield)
rNeg    + . .        k - +0 ring mail
rPois   inf          i - +0 helmet
rElec   +            (no cloak)
rCorr   .            (no gloves)
SInv    .            (no boots)
Will    .....        (no amulet)
Stlth   +            f - +4 ring of protection
HPRegen 0.25/turn    (no ring)
MPRegen 0.10/turn

%: no passive effects
@: no status effects
A: sickness immunity, AC +4, negative energy resistance 1, electricity
resistance, torment resistance 1, petrification resistance
a: no special abilities


You were on level 3 of the Dungeon.
You visited 1 branch of the dungeon, and saw 3 of its levels.

You collected 211 gold pieces.


Innate Abilities, Weirdness & Mutations

You are immune to sickness and miasma.
Your stone body is resilient. (AC +4)
You are immune to poison.
You resist negative energy. (rN+)
You are resistant to electric shocks. (rElec)
You are resistant to unholy torment.
You are immune to petrification.


   Skills:
 - Level 3.0 Fighting
 + Level 5.0 Ranged Weapons
 - Level 1.0 Armour
 - Level 1.5 Dodging
 - Level 1.0 Spellcasting
 - Level 2.6 Hexes


You had 5 spell levels left.
You knew the following spells:

 Your Spells              Type           Power      Damage    Failure   Level
a - Slow                  Hex            32%        N/A       21%         1

Your spell library contained the following spells:

 Spells                   Type           Power      Damage    Failure   Level
 Inner Flame              Hex/Fire       4%         N/A       71%         3
 Portal Projectile        Hex/Tloc       8%         N/A       71%         3
 Cause Fear               Hex            4%         N/A       90%         4

Inventory:

Hand Weapons
 Y - a +2 sling of draining (weapon)
Armour
 i - a +0 helmet (worn)
 k - a +0 ring mail (worn)
Jewellery
 f - a +4 ring of protection (left hand)
Scrolls
 b - a scroll of amnesia {unknown}
 j - a scroll of identify
Potions
 a - a potion of lignification {unknown}
 c - a potion of enlightenment
 e - a potion of curing {unknown}
 h - a potion of heal wounds {unknown}
 l - a potion of mutation {unknown}
 m - a potion of attraction {unknown}

Dungeon Overview and Level Annotations

Branches:
Dungeon (3/15)

Altars:
Dithmenos

Annotations:
D:1 2 runed translucent doors
D:3 Sigmund


Message History

Enter note:
Enter note:
Enter note:
Enter note: Sigmund the Dreaded comes into view.
He is wielding a +5 scythe of freezing.
Sigmund shouts!
Sigmund mumbles some strange words.
Sigmund flickers and vanishes!
Deactivating autopickup; reactivate with Ctrl-A.
Enter note:
Enter note:
Enter note:
Enter note: You shoot a sling bullet.
You shoot a sling bullet. You shoot a sling bullet. You shoot a sling bullet.
You shoot a sling bullet. Something hits you but does no damage.
You shoot a sling bullet. Something hits you. Something freezes you.
You shoot a sling bullet.
You hear some strange, mumbled words.
A puff of flame appears from out of thin air!
The puff of flame misses you.
You shoot a sling bullet. Something hits you but does no damage.
You shoot a sling bullet.
A magic dart appears from out of thin air!
The magic dart hits you but does no damage.
You shoot a sling bullet. Something hits you but does no damage.
You shoot a sling bullet. Something completely misses you.
You shoot a sling bullet. Something hits you! Something freezes you.
You shoot a sling bullet. You shoot a sling bullet. Something hits you!
Something freezes you.
You die...

#.# ##.## ... ...[# ...
....# ... ....# #.#
....############.#
................{######
.................#....#
.........)......@#.##.#
...............#.#.##.#
....##....#......#.##.#
.#####....#.##.###.##.#
..####....'.)....#.##.#
#.........#.##.#.#.##.#
..###.#.###.##.#.#.##.#
..###.#.# #.##.#...##.#
#..##.#.###.##.######.#


There were no monsters in sight!

Vanquished Creatures
  Robin (D:2)
  4 gnolls (D:2)
  6 adders (D:2)
  A worm (D:2)
  An orc (D:3)
  10 ball pythons
  6 bats
  6 endoplasms
  3 giant cockroaches (D:1)
  7 hobgoblins
  7 jackals
  11 kobolds
  3 quokkas
  2 frilled lizards
  16 goblins
  4 rats
88 creatures vanquished.

Notes
Turn   | Place    | Note
-------+----------+-------------------------------------------
     0 | D:1      | qw the Gargoyle Hexslinger began the quest for the Orb.
     0 | D:1      | Reached XP level 1. HP: 12/12 MP: 2/2
     0 | D:1      | 0 ||| qw: Version: 0.3-a-52-g30416fa
     0 | D:1      | 0 ||| qw: Game counter: 6522
     0 | D:1      | 0 ||| qw: Melee chars always use a shield: true
     0 | D:1      | 0 ||| qw: God list: Okawaru
     0 | D:1      | 0 ||| qw: Allow faded altars: false
     0 | D:1      | 0 ||| qw: Do Orc after clearing Dungeon:15 true
     0 | D:1      | 0 ||| qw: Do second Lair branch before Depths: true
     0 | D:1      | 0 ||| qw: Lair rune preference: random
     0 | D:1      | 0 ||| qw: Goals: Normal
     0 | D:1      | 0 ||| PLANNING D:1-11
    71 | D:1      | Reached XP level 2. HP: 6/16 MP: 3/3
   120 | D:1      | Found a large runed translucent door.
   120 | D:1      | Found a large runed translucent door.
   122 | D:1      | Noticed an orc warrior
   252 | D:1      | Reached skill level 3 in Ranged Weapons
   459 | D:1      | Reached XP level 3. HP: 21/21 MP: 4/4
   969 | D:1      | 969 ||| UPGRADING to +0 leather armour.
   979 | D:1      | 979 ||| DROPPING +0 robe.
   980 | D:1      | 980 ||| UPGRADING to +4 ring of protection.
   981 | D:1      | 981 ||| READING scroll labelled COTHRO PYMUSOW.
   982 | D:1      | 982 ||| READING scroll labelled OSSIDODGHI PIUC.
   983 | D:1      | 983 ||| DROPPING scroll of poison.
  1069 | D:2      | Found a faded altar of an unknown god.
  1110 | D:2      | Reached XP level 4. HP: 23/26 MP: 5/5
  1201 | D:2      | Reached skill level 4 in Ranged Weapons
  1337 | D:2      | Reached XP level 5. HP: 30/30 MP: 6/6
  1410 | D:2      | Noticed Robin
  1427 | D:2      | Killed Robin
  1429 | D:2      | Reached skill level 5 in Ranged Weapons
  1431 | D:2      | HP: 6/30 [hobgoblin[Robin] (2)]
  1802 | D:2      | Reached skill level 3 in Fighting
  1832 | D:2      | Found a shadowy altar of Dithmenos.
  1893 | D:2      | 1893 ||| UPGRADING to +0 helmet.
  1898 | D:2      | 1898 ||| UPGRADING to +0 ring mail.
  1908 | D:2      | 1908 ||| DROPPING +0 leather armour.
  1909 | D:2      | 1909 ||| READING scroll labelled WONAVU COAXT.
  1910 | D:2      | 1910 ||| READING 3 scrolls labelled PUURIS MAKH.
  1911 | D:2      | 1911 ||| READING 2 scrolls of brand weapon.
  1911 | D:2      | 1911 ||| BRANDING +2 sling of draining.
  1912 | D:2      | 1912 ||| READING scroll of brand weapon.
  1912 | D:2      | 1912 ||| BRANDING +2 sling of freezing.
  2073 | D:3      | 2073 ||| DRINKING 2 fizzy white potions.
  2101 | D:3      | Reached skill level 1 in Armour
  2197 | D:3      | Noticed Sigmund
  2211 | D:3      | HP: 1/32 [something (12)]
  2211 | D:3      | Slain by Sigmund

Levels and vault maps discovered:
D:1:      erik_arrival_cave_to_civilisation [erik_arrival_cave_to_temple],
          layout_basic, minmay_tetromino_i4
D:2:      minmay_chambers_of_ones, layout_loops_ring, basic_altar,
          chequers_ecumenical_altar_island, uniq_robin
D:3:      cheibrodos_thug_alley, layout_basic,
          grunt_dithmenos_smoke_and_mirrors, uniq_sigmund

Skill      XL: |  1  2  3  4  5 |
---------------+----------------+-----
Ranged Weapons | 3 4 5 |  5.0
Fighting       | 2 3 |  3.0
Armour         | 1 |  1.0
Dodging        | |  1.5
Spellcasting   | |  1.0
Hexes          | |  2.6

Action                     |  1- 3 |  4- 6 || total
---------------------------+-------+-------++-------
   Fire: Sling             |   139 |   162 ||   301
    Use: Scroll            |     2 |     4 ||     6
         Potion            |       |     1 ||     1
 Armour: Robe              |    31 |       ||    31
         Leather armour    |       |    53 ||    53
         Ring mail         |       |    16 ||    16
  Dodge: Dodged            |    72 |    69 ||   141

Table legend:
 A = Non-vault XP
 B = Vault XP
 C = Vault XP percentage of total XP
 D = Non-vault monster count
 E = Vault monster count
 F = Vault count percentage of total count
                 A         B        C        D         E       F
            +---------+---------+-------+---------+---------+-------
      Total |     203 |      91 |  31.0 |      59 |      29 |  33.0
            +---------+---------+-------+---------+---------+-------
        D:1 |      52 |       9 |  14.8 |      31 |       5 |  13.9
        D:2 |     136 |      70 |  34.0 |      20 |      17 |  45.9
        D:3 |      15 |      12 |  44.4 |       8 |       7 |  46.7
            +---------+---------+-------+---------+---------+-------
